 Dungeon Crawl Stone Soup version 0.23.2-1-ga50397a (webtiles) character file.

Game seed: 4971798872861354418

300 Kahibar the Vexing (level 6, -4/57 HPs)
             Began as an Ogre Arcane Marksman on May 18, 2019.
             Slain by an ogre
             ... wielding a +0 giant club
              (18 damage)
             ... on level 4 of the Dungeon.
             The game lasted 00:51:42 (5370 turns).

Kahibar the Vexing (Ogre Arcane Marksman)           Turns: 5370, Time: 00:51:43

Health: -4/57      AC:  5    Str: 15    XL:     6   Next: 36%
Magic:  8/10       EV: 10    Int: 16    God:
Gold:   292        SH:  0    Dex:  9    Spells: 8/11 levels left

rFire    . . .     SeeInvis .   a - +2 dagger (protect)
rCold    . . .     Gourm    .   (no shield)
rNeg     . . .     Faith    .   j - +0 robe
rPois    .         Spirit   .   (helmet restricted)
rElec    .         Reflect  .   (no cloak)
rCorr    .         Harm     .   (gloves unavailable)
MR       .....                  (boots unavailable)
Stlth    +.........             (no amulet)
HPRegen  0.59/turn              (no ring)
MPRegen  0.12/turn              (no ring)

@: about to teleport
A: large, unfitting armour, talons 1, yellow scales 1, regeneration 1, tough
skin 1
a: no special abilities


You were on level 4 of the Dungeon.
You were not hungry.

You visited 1 branch of the dungeon, and saw 4 of its levels.

You collected 292 gold pieces.

Inventory:

Hand Weapons
 a - a +2 dagger of protection (weapon)
 c - a +0 spear
 i - a +0 spear
 p - a +0 broad axe
 q - a +0 hand axe
 v - a +0 short sword
 x - a +0 dagger
 B - a +0 spear
 E - a +0 quarterstaff
Missiles
 g - 33 arrows
 k - 21 sling bullets
 m - 83 stones (quivered)
 r - 3 javelins
 s - 22 bolts
 t - 15 poisoned needles
 D - 2 tomahawks
Armour
 e - a +0 cloak
 j - a +0 robe (worn)
Jewellery
 b - a cursed ring of teleportation {unknown}
 h - a +3 ring of strength {unknown}
 u - an uncursed amulet of regeneration {unknown}
Scrolls
 d - a scroll of amnesia {unknown}
 l - a scroll of identify {unknown}
 n - 2 scrolls of teleportation
 o - 2 scrolls of magic mapping {unknown}
 y - a scroll of remove curse {unknown}
 C - a scroll of random uselessness {unknown}
Potions
 w - a potion of brilliance
 z - 2 potions of curing {unknown}
 A - a potion of mutation
Comestibles
 f - 5 rations


   Skills:
 + Level 2.0 Fighting
 + Level 2.0 Short Blades
 + Level 3.0 Throwing
 + Level 2.7 Dodging
 + Level 0.5 Stealth
 * Level 3.2 Spellcasting
 + Level 3.8 Hexes


You had 8 spell levels left.
You knew the following spells:

 Your Spells              Type           Power        Failure   Level  Hunger
a - Corona                Hex            ##.....      3%          1    None
b - Slow                  Hex            ##......     5%          2    ##.....

Your spell library contained the following spells:

 Spells                   Type           Power        Failure   Level  Hunger
 Inner Flame              Hex/Fire       #.......     26%         3    ###....
 Portal Projectile        Hex/Tloc       #.....       26%         3    ###....
 Cause Fear               Hex            ##........   36%         4    ####...
 Leda's Liquefaction      Hex/Erth       #.........   63%         4    ####...


Dungeon Overview and Level Annotations

Branches:
Dungeon (4/15)
 Temple: D:4-7

Altars:
Cheibriados


Innate Abilities, Weirdness & Mutations

You are too large for most types of armour.
You have tough skin. (AC +1)
You have sharp toenails.
You are partially covered in yellow scales. (AC +2)
Your natural rate of healing is unusually fast.


Message History

You hear a shout!
The orc wizard points at you and mumbles some strange words.
The magic dart hits you.
There is an open door here.
The orc wizard casts a spell.
The orc wizard blinks!
The ogre hits you with a +0 giant club!
You eat one of the 6 rations.
That ration really hit the spot!
The ogre hits you with a +0 giant club!
* * * LOW HITPOINT WARNING * * *
Casting: Corona (safe; 3% risk of failure)
Confirm with . or Enter, or press ? or * to list all spells.
Aiming: Slow (safe; 5% risk of failure)
Press: ? - help, Shift-Dir - straight line, f - ogre
Aim: an ogre, wielding a +0 giant club (chance to defeat MR: 50%)
The ogre resists with significant effort.
As you read the scroll labeled NUBRU SUSOGHO, it crumbles to dust.
You feel strangely unstable.
It was a scroll of teleportation.
The ogre hits you with a +0 giant club!!
You die...

####### #.ooO@##
####'###..##
###≈≈≈.≈≈##..#
##≈≈≈....≈≈##.# ####
#≈≈.......≈≈#.# #...
≈≈.........≈#.# #...
≈..#####o..≈#.# #...
≈..
.r#..≈#.###########.>.
..
#!#...≈#...............


You could see an ogre and 2 orcs.

Vanquished Creatures
  An ogre (D:4)
  A centaur skeleton (D:4)
  Natasha (D:3)
  4 adders
  A gnoll (D:1)
  4 worms (D:2)
  3 dart slugs
  5 leopard geckos
  5 orcs
  2 giant cockroaches
  11 goblins
  11 hobgoblins
  4 jackals (D:3)
  7 kobolds
  A quokka (D:3)
  A ball python (D:1)
  12 bats
  2 frilled lizards
  13 rats
  A fungus (D:1)
90 creatures vanquished.

Vanquished Creatures (others)
  3 toadstools (D:1)
3 creatures vanquished.

Grand Total: 93 creatures vanquished

Notes
Turn   | Place    | Note
-------+----------+-------------------------------------------
     0 | D:1      | Kahibar the Ogre Arcane Marksman began the quest for the
                  | Orb.
     0 | D:1      | Reached XP level 1. HP: 19/19 MP: 2/2
    23 | D:1      | Noticed a merfolk zombie
    23 | D:1      | Noticed a merfolk zombie
   174 | D:1      | Reached XP level 2. HP: 27/27 MP: 3/3
   397 | D:1      | Learned a level 2 spell: Slow
   748 | D:1      | Reached XP level 3. HP: 11/33 MP: 1/4
  1890 | D:2      | Reached XP level 4. HP: 40/42 MP: 3/6
  2202 | D:2      | HP: 2/42 [poisoned by an adder]
  2205 | D:2      | Gained mutation: You have sharp toenails. [potion of
                  | mutation]
  2205 | D:2      | Gained mutation: You are partially covered in yellow
                  | scales. (AC +2) [potion of mutation]
  2205 | D:2      | Gained mutation: Your natural rate of healing is unusually
                  | fast. [potion of mutation]
  2208 | D:2      | HP: 2/42 [poisoned by an adder]
  3181 | D:3      | Reached XP level 5. HP: 45/49 MP: 5/8
  3752 | D:3      | Found a snail-covered altar of Cheibriados.
  3939 | D:2      | Reached skill level 1 in Short Blades
  4292 | D:3      | Noticed Natasha
  4646 | D:3      | Killed Natasha
  4936 | D:4      | Noticed an ogre
  4946 | D:4      | Killed an ogre
  4946 | D:4      | Reached XP level 6. HP: 41/57 MP: 1/10
  5370 | D:4      | Slain by an ogre

Skill      XL: |  1  2  3  4  5  6 |
---------------+-------------------+-----
Dodging        | 2 |  2.7
Hexes          | 3 |  3.8
Spellcasting   | 2 3 |  3.2
Short Blades   | 1 2 |  2.0
Throwing       | 3 |  3.0
Fighting       | 2 |  2.0
Stealth        | |  0.5

Action                   |  1- 3 |  4- 6 || total
-------------------------+-------+-------++-------
Melee: Dagger            |    95 |   198 ||   293
       Club              |     7 |       ||     7
       Kick              |       |    33 ||    33
Throw: Large rock        |    31 |    12 ||    43
       Throwing net      |     5 |       ||     5
       Stone             |       |    19 ||    19
 Cast: Slow              |    18 |    19 ||    37
       Corona            |       |    40 ||    40
  Use: Potion            |       |     2 ||     2
       Scroll            |       |     1 ||     1
 Stab: Held in net/web   |     1 |       ||     1
       Sleeping          |       |     1 ||     1
  Eat: Chunk             |     5 |    11 ||    16
       Ration            |       |     1 ||     1
Armor: Robe              |    46 |    92 ||   138
Dodge: Dodged            |    69 |   146 ||   215
